 Dungeon Crawl Stone Soup version 0.29.1-15-g9cfb28693d (webtiles) character file.

Game seed: 3577977971467492084

2009 games321 the Slasher (level 9, -4/77 HPs)
             Began as a Ghoul Gladiator on Apr 1, 2023.
             Was a Believer of Wu Jian.
             Slain by a ten-headed hydra (6 damage)
             ... on level 6 of the Dungeon.
             The game lasted 00:28:22 (5917 turns).

games321 the Slasher (Ghoul Gladiator)              Turns: 5917, Time: 00:28:22

Health: -4/77      AC:  7    Str: 22    XL:     9   Next: 22%
Magic:  8/8        EV: 12    Int:  3    God:    Wu Jian [**....]
Gold:   312        SH:  0    Dex: 10    Spells: 8/8 levels left

rFire   x . .      SeeInvis +   y - +11 long sword of Poepeab {spect, rPois Will- SInv}
rCold   + + .      Faith    .   (no shield)
rNeg    + + +      Spirit   .   D - +0 steam dragon scales
rPois   ∞          Reflect  .   b - +0 helmet
rElec   .          Harm     .   (no cloak)
rCorr   .          Rampage  .   (no gloves)
Will    .....                   s - +0 pair of boots
Stlth   +.........              (no amulet)
HPRegen 0.00/turn               g - +4 ring of slaying
MPRegen 0.11/turn               e - ring of ice

@: inhibited regen
A: claws 1, cold resistance 1, negative energy resistance 3, inhibited
regeneration, torment resistance 2, devour on kill
a: Renounce Religion, Wall Jump


You were on level 6 of the Dungeon.
You worshipped Wu Jian.
Wu Jian was pleased with you.
You visited 1 branch of the dungeon, and saw 6 of its levels.

You collected 312 gold pieces.

Inventory:

Hand Weapons
 y - the +11 long sword of Poepeab (weapon) {spect, rPois Will- SInv}
   (You found it on level 3 of the Dungeon)

   When its wielder attacks, the weapon's spirit leaps out and strikes again.
   The spirit shares a part of any damage it takes with its wielder.
   rPois:     It protects you from poison.
   SInv:      It lets you see invisible.
   Will:      It decreases your willpower.
Missiles
 c - 3 throwing nets (quivered)
 k - 22 poisoned darts
 v - 27 stones
Armour
 a - a +0 leather armour
 b - a +0 helmet (worn)
 s - a +0 pair of boots (worn)
 A - a +1 leather armour of fire resistance
 D - +0 steam dragon scales (worn)
Jewellery
 e - a ring of ice (right claw)
 g - a +4 ring of slaying (left claw)
 w - a ring of fire
 C - a ring of resist corrosion
Wands
 d - a wand of charming (2)
Scrolls
 f - 2 scrolls of teleportation {unknown}
 h - 3 scrolls of noise {unknown}
 j - 2 scrolls of immolation {unknown}
 m - a scroll of magic mapping {unknown}
 q - a scroll of amnesia {unknown}
 t - 5 scrolls of identify {unknown}
 u - a scroll of enchant weapon {unknown}
 x - a scroll of poison
 B - a scroll of acquirement {unknown}
Potions
 i - 2 potions of resistance
 l - 3 potions of curing
 n - a potion of might
 o - a potion of heal wounds
 p - a potion of degeneration {unknown}
 r - 4 potions of mutation
 z - 3 potions of magic {unknown}
 E - a potion of lignification


   Skills:
 * Level 6.3 Fighting
 * Level 7.5 Long Blades
 - Level 2.6 Throwing
 - Level 2.7 Dodging
 - Level 7.2 Unarmed Combat


You had 8 spell levels left.
You didn't know any spells.
Your spell library contained the following spells:

 Spells                   Type           Power      Damage    Failure   Level
 Passwall                 Tmut/Erth      0%         N/A       67%         2
 Call Canine Familiar     Summ           0%         N/A       88%         3
 Frozen Ramparts          Ice            0%         1d1       88%         3
 Portal Projectile        Hex/Tloc       0%         N/A       88%         3
 Leda's Liquefaction      Hex/Erth       0%         N/A       99%         4
 Summon Ice Beast         Ice/Summ       0%         N/A       99%         4
 Freezing Cloud           Conj/Ice/Air   0%         6-21      100%        5
 Eringya's Noxious Bog    Tmut/Pois      0%         N/A       100%        6


Dungeon Overview and Level Annotations

Branches:
Dungeon (6/15)
 Temple: D:4-7

Altars:
Gozag
Trog
Wu Jian

Shops:
D:1 [   D:4 *(*(*   D:6 ??!*


Innate Abilities, Weirdness & Mutations

You are immune to poison.
You have sharp fingernails.
Your flesh is cold resistant. (rC+)
You are immune to negative energy. (rN+++)
You do not regenerate when monsters are visible.
You are immune to unholy pain and torment.
You thrive by killing the living.


Message History

You chop one of the four-headed hydra's heads off!
The three-headed hydra grows two more!
You slash the five-headed hydra!
The five-headed hydra is moderately wounded.
Your +11 long sword of Poepeab {spect, rPois Will- SInv} hits the five-headed hydra!
Your +11 long sword of Poepeab {spect, rPois Will- SInv} lops one of the five-headed hydra's heads off!
The four-headed hydra grows two more!
The six-headed hydra bites you! The six-headed hydra bites you.
The six-headed hydra closely misses you.
The six-headed hydra bites you.
The six-headed hydra bites you but does no damage.
The six-headed hydra bites you!
You slice one of the six-headed hydra's heads off!
The five-headed hydra grows two more!
You slash the seven-headed hydra!
The seven-headed hydra is moderately wounded.
Your +11 long sword of Poepeab {spect, rPois Will- SInv} hits the seven-headed hydra!!
Your +11 long sword of Poepeab {spect, rPois Will- SInv} slices one of the seven-headed hydra's heads off!
The six-headed hydra grows two more!
The eight-headed hydra closely misses you.
The eight-headed hydra bites you. The eight-headed hydra bites you! x2
* * * LOW HITPOINT WARNING * * *
The eight-headed hydra closely misses you.
The eight-headed hydra bites you!
* * * LOW HITPOINT WARNING * * *
The eight-headed hydra bites you but does no damage. x2
You lop one of the eight-headed hydra's heads off!
The seven-headed hydra grows two more!
You slice the nine-headed hydra!!
The nine-headed hydra is heavily wounded.
Your +11 long sword of Poepeab {spect, rPois Will- SInv} hits the nine-headed hydra!
Your +11 long sword of Poepeab {spect, rPois Will- SInv} hacks one of the nine-headed hydra's heads off!
The eight-headed hydra grows two more!
The ten-headed hydra bites you but does no damage.
The ten-headed hydra barely misses you. The ten-headed hydra misses you. x2
The ten-headed hydra bites you.
* * * LOW HITPOINT WARNING * * *
The ten-headed hydra bites you.
* * * LOW HITPOINT WARNING * * *
The ten-headed hydra closely misses you.
The ten-headed hydra bites you but does no damage. x2
The ten-headed hydra bites you.
You die...

#### #... # (.....# #..#
.# # #...... #..# ..##
.##......######.(##.....
........ .......@D...∩.∩
#....... ######..##.....
#...#.# #..# ∩.∩
#....########..# #
#...#.........#
#.#.#.######..# ..
####.#...# #..# ...
.........######..##....
......#................


You could see a ten-headed hydra and a friendly +11 long sword of Poepeab
{spect, rPois Will- SInv} (summoned).

Vanquished Creatures
  The ghost of DemonSlayer the Digger, a novice DsEE (D:5)
  A steam dragon (D:6)
  An orc warrior (D:6)
  3 black bears
  3 ice beasts
  An ogre (D:5)
  A centaur (D:6)
  A kobold brigand (D:6)
  A scorpion (D:5)
  4 wights (D:6)
  A hound (D:6)
  2 orc priests
  Ijyb (D:3)
  4 iguanas
  3 orc wizards
  4 gnolls (D:4)
  5 adders
  A white imp (D:5)
  13 orcs
  4 bats
  9 endoplasms
  4 giant cockroaches
  7 goblins
  9 hobgoblins
  15 kobolds
  A quokka (D:3)
  9 ball pythons
  7 frilled lizards
  4 rats
120 creatures vanquished.

Notes
Turn   | Place    | Note
-------+----------+-------------------------------------------
     0 | D:1      | games321 the Ghoul Gladiator began the quest for the Orb.
     0 | D:1      | Reached XP level 1. HP: 17/17 MP: 0/0
   103 | D:1      | Reached XP level 2. HP: 24/24 MP: 1/1
   224 | D:1      | Found Fiodghe's Antique Armour Shoppe.
   254 | D:1      | Reached XP level 3. HP: 29/29 MP: 2/2
  1315 | D:3      | Reached XP level 4. HP: 37/37 MP: 3/3
  1342 | D:3      | Noticed Ijyb
  1364 | D:3      | Killed Ijyb
  1365 | D:3      | Reached skill level 5 in Unarmed Combat
  1755 | D:3      | Found a faded altar of an unknown god.
  1759 | D:3      | Prayed at the altar of an unknown god.
  1759 | D:3      | Became a worshipper of the Wu Jian Council
  1759 | D:3      | Reached * piety under Wu Jian
  1956 | D:3      | Identified the +11 long sword of Poepeab {spect, rPois
                  | Will- SInv}
  2084 | D:3      | Reached XP level 5. HP: 41/44 MP: 4/4
  2210 | D:3      | Found an opulent altar of Gozag.
  2655 | D:4      | Found Sounuw's Assorted Antiques.
  2797 | D:4      | Got Sif Muna's Anthology of the Frog
  2903 | D:4      | Found Awitod's Assorted Antiques.
  2906 | D:4      | Found a transporter.
  2912 | D:4      | Noticed an ice beast
  2912 | D:4      | Noticed an ice beast
  3053 | D:4      | Reached ** piety under Wu Jian
  3058 | D:4      | Reached XP level 6. HP: 50/51 MP: 5/5
  3071 | D:4      | Found Itoesk's Antique Weapon Shop.
  3127 | D:4      | Found Tadoerigg's Weapon Emporium.
  3170 | D:4      | Found a transporter.
  3187 | D:4      | Killed an ice beast
  3188 | D:4      | Reached skill level 1 in Long Blades
  3188 | D:4      | Killed an ice beast
  3189 | D:4      | Reached XP level 7. HP: 57/57 MP: 6/6
  4068 | D:4      | Found Lepsamif's General Store.
  4113 | D:5      | Entered Level 5 of the Dungeon
  4210 | D:5      | Found a bloodstained altar of Trog.
  4563 | D:5      | Found a large runed translucent door.
  4563 | D:5      | Found a large runed translucent door.
  4565 | D:5      | Noticed DemonSlayer's ghost (novice DsEE)
  4622 | D:5      | Reached XP level 8. HP: 67/67 MP: 7/7
  5122 | D:5      | Killed DemonSlayer's ghost
  5123 | D:5      | Reached skill level 5 in Fighting
  5123 | D:5      | Reached skill level 5 in Long Blades
  5592 | D:6      | Found Weqaaren's Assorted Antiques.
  5671 | D:6      | Found Ryfapsae's Magic Scroll Emporium.
  5676 | D:6      | Reached XP level 9. HP: 69/75 MP: 8/8
  5686 | D:6      | Found Emogaiss's Magic Scroll Boutique.
  5913 | D:6      | Noticed a four-headed hydra
  5914 | D:6      | Found Jotousk's Distillery.
  5917 | D:6      | HP: 2/77 [ten-headed hydra (6)]
  5917 | D:6      | Slain by a ten-headed hydra

Illustrated notes

Levels and vault maps discovered:
D:1:      ebering_hopf_link, layout_rooms, serial_shops, nicolae_diamond_shop
D:2:      layout_basic
D:3:      layout_basic, nicolae_gozag_seed_capital,
          shapermc_ecumenical_altar_venn, wad_floor_pattern_untrapped,
          item_on_display_a, uniq_ijyb
D:4:      gammafunk_cloud_chamber, layout_basic, serial_shops,
          nicolae_shop_stone, kennysheep_mini_moat, shop, shop,
          nicolae_lakefront_shop
D:5:      nicolae_cairo_tiling_large, layout_loops_corners,
          trog_ov_bears_minmay, ebering_ghost_disaster_area,
          chequers_serial_rivers_micro_e, nrook_mini_backslash,
          kennysheep_cross_room
D:6:      layout_basic, serial_shops, shop_scrolls,
          nicolae_shop_competitors_out_of_business, shop,
          nicolae_shop_advertising_works [nicolae_subvault_shop_adworks]

Skill      XL: |  1  2  3  4  5  6  7  8  9 |
---------------+----------------------------+-----
Unarmed Combat | 4 5 6 7 |  7.2
Throwing       | 2 |  2.6
Fighting       | 3 4 6 |  6.3
Long Blades    | 1 4 6 7 |  7.5
Dodging        | |  2.7

Action                   |  1- 3 |  4- 6 |  7- 9 || total
-------------------------+-------+-------+-------++-------
Melee: Unarmed           |    73 |    27 |       ||   100
       Punch             |     1 |     2 |     3 ||     6
       Long sword        |       |    28 |    57 ||    85
Throw: Javelin           |     3 |     6 |       ||     9
       Dart              |       |     3 |       ||     3
       Throwing net      |       |       |     1 ||     1
Invok: Lunge             |       |     6 |    11 ||    17
       Whirlwind         |       |     4 |       ||     4
  Use: Potion            |       |     2 |     3 ||     5
       Scroll            |       |       |     1 ||     1
 Stab: Distracted        |       |       |     1 ||     1
Armor: Leather armour    |    24 |    14 |     3 ||    41
       Steam dragon scal |       |       |     8 ||     8
Dodge: Dodged            |    50 |    32 |    22 ||   104
